 Dungeon Crawl Stone Soup version 0.30.0-5-g1a98f26d00 (webtiles) character file.

Game seed: 6946020765987990949

147 NinjaNoafa the Sneak (level 5, -1/39 HPs)
             Began as a Vine Stalker Fire Elementalist on May 11, 2023.
             Succumbed to a scorpion's poison
             ... on level 3 of the Dungeon.
             The game lasted 00:04:35 (1528 turns).

NinjaNoafa the Sneak (VSFE)                         Turns: 1528, Time: 00:04:35

Health: -1/39      AC: 22    Str: 11    XL:     5   Next: 29%
Magic:  4/9        EV:  2    Int: 15    God:
Gold:   121        SH:  0    Dex: 16    Spells: 7/8 levels left

rFire   . . .        a - +1 short sword of Xoinimyw {venom, rC++ Stlth+}
rCold   + + .        (no shield)
rNeg    . . .        h - melded +0 robe
rPois   +            (helmet currently unavailable)
rElec   .            (cloak currently unavailable)
rCorr   .            (gloves currently unavailable)
SInv    .            (boots currently unavailable)
Will    .....        (no amulet)
Stlth   ++++         (no ring)
HPRegen 1.06/turn    (no ring)
MPRegen 0.11/turn

%: guardian spirit
@: lethally poisoned (-1 -> -10), tree-form
A: stationary, stasis, torment immunity, boosted hp, (fangs 2), regeneration 1,
magic shield, (antimagic bite), no potion heal 2
a: no special abilities


You were on level 3 of the Dungeon.
You were a tree.
You visited 1 branch of the dungeon, and saw 3 of its levels.

You collected 121 gold pieces.

Inventory:

Hand Weapons
 a - the +1 short sword of Xoinimyw (weapon) {venom, rC++ Stlth+}
   (You found it on level 2 of the Dungeon)

   rC:        It greatly protects you from cold.
   Stlth:     It makes you more stealthy.
 b - a +0 rapier
Missiles
 m - 5 boomerangs
Armour
 h - a +0 robe (melded)
Scrolls
 e - a scroll of fear
 f - a scroll of immolation {unknown}
 j - 3 scrolls of teleportation
 k - a scroll of amnesia {unknown}
 l - a scroll of magic mapping {unknown}
 o - a scroll of blinking {unknown}
 q - a scroll of vulnerability {unknown}
 r - 3 scrolls of noise
Potions
 c - a potion of lignification
 d - a potion of attraction
 i - a potion of flight {unknown}
 n - a potion of ambrosia {unknown}
 p - a potion of magic
 s - a potion of heal wounds {unknown}


   Skills:
 + Level 1.7 Fighting
 - Level 0.6 Short Blades
 - Level 2.4 Dodging
 - Level 5.2 Stealth
 - Level 2.1 Spellcasting
 - Level 1.0 Conjurations
 - Level 3.0 Fire Magic


You had 7 spell levels left.
You knew the following spells:

 Your Spells              Type           Power      Damage    Failure   Level
a - Foxfire               Conj/Fire      28%        2x1d5     10%         1

Your spell library contained the following spells:

 Spells                   Type           Power      Damage    Failure   Level
 Scorch                   Fire           20%        2d6       10%         2
 Inner Flame              Hex/Fire       6%         N/A       34%         3
 Volatile Blastmotes      Fire/Tloc      12%        2d11      34%         3
 Flame Wave               Conj/Fire      7%         2d5       67%         4


Dungeon Overview and Level Annotations

Branches:
Dungeon (3/15) Zot: 16478

Altars:

Shops:
D:2 :


Innate Abilities, Weirdness & Mutations

You are a tree.
Your roots penetrate the ground, keeping you stationary.
You cannot be teleported.
You are immune to unholy pain and torment.
Your maximum health is greatly increased.
Your equipment is partially melded.
((You have extremely sharp teeth.))
Your natural rate of healing is unusually fast.
When hurt, damage is shared between your health and your magic reserves.
((Your bite disrupts and absorbs the magic of your enemies.))
Potions cannot restore your health.


Message History

You feel very sick.
The scorpion stings you but does no damage.
You hit the scorpion but do no damage.
You feel sick.
The scorpion stings you but does no damage.
You hit the scorpion.
The scorpion is poisoned.
Your bite misses the scorpion.
The scorpion is lightly wounded.
You feel sick. The scorpion closely misses you.
You hit the scorpion but do no damage.
The scorpion looks as sick as possible!
You bite the scorpion, but do no damage.
The scorpion is moderately wounded.
You feel sick. The scorpion stings you.
* * * LOW HITPOINT WARNING * * *
You are more poisoned.
The scorpion poisons you! The scorpion stings you.
* * * LOW HITPOINT WARNING * * *
You are more poisoned.
The scorpion poisons you!
Unknown command.
Unknown command.
Okay, then.
Unknown command.
You hit the scorpion.
You kill the scorpion!
* * * LOW HITPOINT WARNING * * *
You feel very sick.
Your Stealth skill increases to level 5!
You have reached level 5!
You are lethally poisoned (3 -> -9).
Your movement speed is average.
Your attack delay is about 0.9.
Your damage rating with the +1 short sword of Xoinimyw {venom, rC++ Stlth+} is about 6 (Base 5 x 115% (Dex) x 103% (Skill) + 1 (Ench)).
Unknown command.
Unknown command.
Really quaff the potion of lignification?
You turn into a tree.
Your +0 robe melds into your body.
Your roots penetrate the ground.
* * * LOW HITPOINT WARNING * * *
You feel very sick.
Unknown command.
Unknown command.
You die...

######### ####### .....[..#
#.....###### ........#
#........... ........#
#........... ........##
#...........
.........#########†..........
.^.......?.#..♣†.....†.......
####.#####...#####...........
... ##..## #............
#..r.# #...## #.............
.. .......#..# #.#.s.........
. ....#####)###.#...........
..........................
............###.....$.....
...(.........##b.......?..


There were no monsters in sight!

Vanquished Creatures
  A scorpion (D:3)
  3 adders
  2 dart slugs
  5 ball pythons
  4 bats
  6 endoplasms
  5 giant cockroaches (D:1)
  5 goblins
  2 hobgoblins (D:1)
  4 jackals (D:2)
  6 quokkas
  3 frilled lizards
  5 kobolds
  3 rats (D:1)
54 creatures vanquished.

Vanquished Creatures (others)
  69 foxfires
69 creatures vanquished.

Grand Total: 123 creatures vanquished

Notes
Turn   | Place    | Note
-------+----------+-------------------------------------------
     0 | D:1      | NinjaNoafa the Vine Stalker Fire Elementalist began the
                  | quest for the Orb.
     0 | D:1      | Reached XP level 1. HP: 9/9 MP: 4/4
    76 | D:1      | Reached XP level 2. HP: 13/14 MP: 0/6
    81 | D:1      | Reached skill level 1 in Fighting
   356 | D:1      | Reached XP level 3. HP: 18/18 MP: 7/7
   683 | D:2      | Identified the +1 short sword of Xoinimyw {venom, rC++
                  | Stlth+}
  1011 | D:2      | Found Hiqoidim's Book Boutique.
  1361 | D:2      | Reached skill level 3 in Stealth
  1367 | D:2      | Gained mutation: Your natural rate of healing is unusually
                  | fast. [Vine Stalker growth]
  1367 | D:2      | Reached XP level 4. HP: 22/23 MP: 6/8
  1497 | D:3      | Reached skill level 4 in Stealth
  1509 | D:3      | Noticed a scorpion
  1526 | D:3      | Killed a scorpion
  1527 | D:3      | Reached skill level 5 in Stealth
  1527 | D:3      | Reached XP level 5. HP: 3/26 MP: 3/9
  1527 | D:3      | HP: 1/39 [poisoned by a scorpion]
  1528 | D:3      | Succumbed to a scorpion's poison

Illustrated notes

Levels and vault maps discovered:
D:1:      saegor_arrival_simple_b, layout_rooms
D:2:      layout_loops_corners, serial_shops, nicolae_book_shop_shelving
D:3:      layout_rooms, gammafunk_ghost_gnarly_gnolls,
          cheibrodos_sewer_entry_bend, uniq_natasha

Skill      XL: |  1  2  3  4 |
---------------+-------------+-----
Fighting       | 1 |  1.7
Dodging        | 2 |  2.4
Stealth        | 3 5 |  5.2
Short Blades   | |  0.6
Spellcasting   | |  2.1
Conjurations   | |  1.0
Fire Magic     | |  3.0

Action                     |  1- 3 |  4- 6 || total
---------------------------+-------+-------++-------
  Melee: Unarmed           |    27 |       ||    27
         Bite              |    19 |     7 ||    26
         Short sword       |    46 |    20 ||    66
         Punch             |     2 |       ||     2
         Rapier            |     7 |       ||     7
   Cast: Foxfire           |    41 |       ||    41
    Use: Scroll            |       |     5 ||     5
         Potion            |       |     1 ||     1
   Stab: Sleeping          |     6 |     1 ||     7
 Armour: Robe              |    27 |     6 ||    33
  Dodge: Dodged            |    93 |    20 ||   113
